 Dungeon Crawl Stone Soup version 0.32-a0-685-g93135e86f0 (webtiles) character file.

Game seed: 4325980435363563111

130 backslashecho the Shield-Bearer (level 5, -2/42 HPs)
             Began as a Formicid Fighter on Mar 12, 2024.
             Killed by nerve-wracking pain
             ... invoked by an orc priest
              (13 damage)
             ... on level 2 of the Dungeon.
             The game lasted 00:06:07 (2192 turns).

backslashecho the Shield-Bearer (Formicid Fighter)  Turns: 2192, Time: 00:06:07

Health: -2/42      AC:  9    Str: 22    XL:     5   Next: 36%
Magic:  5/5        EV:  8    Int:  8    God:
Gold:   94         SH:  5    Dex: 13    Spells: 4/4 levels left

rFire   . . .        a - +0 war axe
rCold   . . .        c - +0 buckler
rNeg    . . .        r - +0 chain mail
rPois   .            (helmet unavailable)
rElec   .            (no cloak)
rCorr   .            (no gloves)
SInv    +            (no boots)
Will    .....        (no amulet) Stlth
                     (no ring)
HPRegen 0.27/turn    (no ring)
MPRegen 0.09/turn

%: no passive effects
@: no status effects
A: permanent stasis, dig shafts and tunnels, antennae 3, four strong arms
a: Dig, Shaft Self, Convert to Beogh


You were on level 2 of the Dungeon.
You visited 1 branch of the dungeon, and saw 3 of its levels.

You collected 184 gold pieces.
You spent 90 gold pieces at shops.

Inventory:

Hand Weapons
 a - a +0 war axe (weapon)
Armour
 c - a +0 buckler (worn)
 r - a +0 chain mail (worn)
Wands
 p - a wand of paralysis (7)
Scrolls
 f - a scroll of fog {unknown}
 g - a scroll of poison {unknown}
 h - a scroll of enchant armour {unknown}
 i - a scroll of brand weapon {unknown}
 j - a scroll of revelation {unknown}
 k - a scroll of butterflies
 m - a scroll of identify {unknown}
 n - a scroll of vulnerability {unknown}
Potions
 d - a potion of might
 e - a potion of enlightenment {unknown}
 l - a potion of heal wounds
 o - a potion of curing {unknown}


   Skills:
 + Level 4.2 Fighting
 * Level 3.9 Axes
 - Level 3.2 Armour
 + Level 5.0 Shields


You had 4 spell levels left.
You didn't know any spells.
Your spell library contained the following spells:

 Spells                   Type           Power      Damage    Failure   Level
 Sublimation of Blood     Necr           0%         N/A       99%         2
 Petrify                  Alch/Erth      0%         N/A       100%        4
 Irradiate                Conj/Alch      0%         3d11      100%        5


Dungeon Overview and Level Annotations

Branches:
Dungeon (3/15)

Altars:

Shops:
D:1 *

Annotations:
D:3 Robin


Innate Abilities, Weirdness & Mutations

You cannot be hasted, slowed, berserked, paralysed or teleported.
You can dig through walls and to a lower floor.
You have a pair of large antennae on your head. (SInv)
Your four strong arms can wield two-handed weapons with a shield.


Message History

You kill the gnoll!
Things that are here:
a +0 spear; a +0 scale mail; a gnoll corpse
There is a stone staircase leading down here.
There is a stone staircase leading down here.
You regained 6 hp, and now have 24/42 hp.
HP restored.
Done exploring.
Health restored: 42 You climb downwards.
Level annotation: Robin The hobgoblin shouts!
The goblin shouts! x4; The hobgoblin shouts!
The rat squeaks loudly.
The hobgoblin shouts!
The ball python hisses angrily. x2
The orc shouts!
The orc priest shouts!
The orc shouts! x2
You hear an angry hiss.
You block the orc priest's attack. The goblin closely misses you.
Found a dagger.
There is a stone staircase leading up here.
Unknown command.
Robin shouts!
The ball python closely misses you. You block the ball python's attack.
The orc priest calls down the wrath of Beogh upon you.
Beogh smites you! The goblin hits you with a +0 dagger.
Robin roars a battlecry!
The goblins go into a battle-frenzy!
The goblin hits you with a +0 short sword.
The hobgoblin barely misses you.
The orc priest shouts, "Beogh offers mercy even to people such as you.
Join us and be reborn!" (press Y on the ability menu to convert to Beogh)
You climb upwards.
There is a stone staircase leading down here.
You take 16 damage, and have 26/42 hp.
MASSIVE DAMAGE!!
Unknown command.
Unknown command.
You hit the orc priest.
The orc priest is lightly wounded.
You slash the hobgoblin!
You kill the hobgoblin!
You completely miss the goblin.
The orc priest threatens, "Beogh's wrath is as vast as their mercy.
Make your choice!"
You hit the ball python.
The ball python bites you but does no damage.
The ball python grabs you. The ball python constricts you.
The goblin hits you but does no damage.
The orc priest hits you but does no damage.
The ball python bites you but does no damage.
The ball python constricts you.
You hit the orc priest.
The orc priest is moderately wounded.
You closely miss the ball python. You slash the goblin!
You kill the goblin!
You closely miss the goblin.
The orc priest looks braver for a moment.
The ball python bites you but does no damage.
The ball python constricts you. You block the goblin's attack.
The orc priest hits you but does no damage.
The ball python bites you but does no damage.
The ball python constricts you. The goblin hits you but does no damage.
You take 1 damage, and have 25/42 hp.
You hit the orc priest but do no damage.
The orc priest is moderately wounded.
You barely miss the ball python. You hit the goblin but do no damage.
The ball python bites you but does no damage.
The ball python constricts you.
The orc priest looks satisfied for a moment.
The goblin hits you with a +0 dagger.
You take 1 damage, and have 24/42 hp.
You barely miss the orc priest.
The orc priest is moderately wounded.
You slash the goblin!
You kill the goblin!
You slash the ball python!
You kill the ball python!
The orc priest shouts, "The Pantheon deserves no one's loyalty.
Let us show you the true path!" The orc priest hits you with a +0 club.
You take 2 damage, and have 22/42 hp.
You slash the orc priest!
The orc priest is almost dead.
The orc priest barely misses you.
The orc priest looks encouraged for a moment.
You hit the orc priest but do no damage.
The orc priest is almost dead.
The orc priest completely misses you.
You barely miss the orc priest.
The orc priest is almost dead.
The orc priest hits you but does no damage.
You hit the orc priest but do no damage.
The orc priest is almost dead.
The orc priest shouts, "Beogh offers mercy even to people such as you.
Join us and be reborn!"
You block the orc priest's attack.
The orc priest mumbles some strange prayers to Beogh against you.
Beogh smites you!
* * * LOW HITPOINT WARNING * * *
You take 12 damage, and have 11/42 hp.
MASSIVE DAMAGE!!
You barely miss the orc priest.
The orc priest is almost dead.
The orc priest shouts, "Beogh offers mercy even to people such as you.
Join us and be reborn!"
The orc priest mumbles some strange prayers to Beogh against you.
Pain shoots through your body!
You die...

.#.##..#.##.#.##.....##.# #..####
#.#.##..#.##.#.##...###.###......
##.#.#.#.##.#.###......<..#...###
.##.#.#.##.#.##.........#.#...###
#.##.#.##.#.###.##..###...#.....#
.#.##.##.#.####.##..# #)###.#.#.#
#.#.###.#.##........###.# #.#...#
##.#.#.#.##..##)o##.#...# #.#####
.##.#.#.##......@)..#...# #......
.###.#.##..##########...# ####...
.# ##.##...^........'...# #....
.######..#.##########...# #..~~
.....#...#.### #...# #..~~
.###...###...# #...# #..~~ .#
###.# ###.# #...# #.... .# #.#
#.# #...# ##... .### #.# #.#
##### ##..


You could see an orc priest.

Vanquished Creatures
  Terence (D:2)
  A gnoll (D:2)
  2 dart slugs
  2 ribbon worms (D:2)
  An orc (D:3)
  8 bats
  5 endoplasms
  2 giant cockroaches (D:2)
  12 goblins
  9 hobgoblins
  5 jackals
  3 quokkas (D:1)
  5 ball pythons
  6 frilled lizards
  4 kobolds
  13 rats
79 creatures vanquished.

Notes
Turn   | Place    | Note
-------+----------+-------------------------------------------
     0 | D:1      | backslashecho the Formicid Fighter began the quest for the
                  | Orb.
     0 | D:1      | Reached XP level 1. HP: 18/18 MP: 1/1
   122 | D:1      | Reached XP level 2. HP: 17/24 MP: 2/2
   164 | D:1      | Found Kuwud's General Store.
   436 | D:1      | Reached XP level 3. HP: 27/29 MP: 3/3
   860 | D:1      | Bought a scroll of butterflies for 40 gold pieces
   860 | D:1      | Bought a potion of heal wounds for 50 gold pieces
   950 | D:2      | Noticed Terence
  1168 | D:2      | Reached XP level 4. HP: 37/37 MP: 4/4
  1794 | D:2      | Killed Terence
  1795 | D:2      | Reached XP level 5. HP: 42/42 MP: 5/5
  1959 | D:3      | Noticed Robin
  2025 | D:3      | Reached skill level 5 in Shields
  2192 | D:2      | Killed from afar by an orc priest

Illustrated notes

Levels and vault maps discovered:
D:1:      grunt_arrival_lava_bath, layout_basic, serial_shops, shop,
          minmay_rat_gold_closets
D:2:      minmay_inner_zag, layout_basic, serial_park_tiny_pond, uniq_terence
D:3:      layout_basic, hellmonk_ecumenical_altar_heavens_door, uniq_robin

Skill      XL: |  1  2  3  4  5 |
---------------+----------------+-----
Axes           | 3 |  3.9
Fighting       | 4 |  4.2
Shields        | 5 |  5.0
Armour         | |  3.2

Action                     |  1- 3 |  4- 6 || total
---------------------------+-------+-------++-------
  Melee: War axe           |   119 |   110 ||   229
  Evoke: Wand              |       |     1 ||     1
   Stab: Paralysed         |       |     4 ||     4
 Armour: Scale mail        |   100 |    41 ||   141
         Chain mail        |       |    62 ||    62
  Dodge: Dodged            |    65 |    53 ||   118
  Block: Buckler           |    44 |    45 ||    89

Table legend: (Time is in decaauts)
 A = Elapsed time spent in this place.
 B = Non-inter-level travel time spent in this place.
 C = Inter-level travel time spent in this place.
 D = Time resting spent in this place.
 E = Time spent auto-exploring this place.
 F = Levels seen in this place.
 G = Mean time per level.
                   A        B        C        D        E       F      G
               +--------+--------+--------+--------+--------+-----+--------+
         Total |   2280 |   2019 |    261 |      0 |   1388 |   3 |  760.0 |
       Dungeon |   2280 |   2019 |    261 |      0 |   1388 |   3 |  760.0 |
               +--------+--------+--------+--------+--------+-----+--------+

Top non-repeatable levels by time:
     D:2: 1109 daAuts
     D:1: 1093 daAuts
     D:3: 77 daAuts
